Description

Though i am playing save with my 17/17/17 but nope. So this is how i got killed by a master.

Replay - GaViRo v Sireals - Overgrowth LE (Void)

Build Order

Get SALT Encoding   

  12  0:01  Drone  
  13  0:13  Overlord  
  13  0:17  Drone  
  14  0:32  Spawning Pool  
  13  0:37  Drone  
  13  0:41  Drone  
  15  0:46  Drone  
  16  1:16  Hatchery  
  15  1:19  Zergling x6  
  15  1:23  Extractor  
  17  1:30  Zergling x2  
  18  1:34  Queen  
  20  1:41  Zergling x2  
  21  1:51  Overlord  
  21  2:02  Drone  
  22  2:12  Queen  
  22  2:14  Drone  
  25  2:23  Drone  
  25  2:27  Drone  
  27  2:36  Drone  
  28  2:43  Metabolic Boost  
  27  2:45  Queen  
  29  3:00  Drone x4  
  33  3:08  Drone  
  33  3:09  Overlord  
  34  3:15  Drone x2  
  35  3:26  Baneling Nest  
  34  3:28  Zergling x2  
  34  3:29  Zergling x4  
  30  3:48  Drone  
  30  3:49  Drone x4  
  34  3:57  Queen  
  34  4:00  Queen  
Spawning Tool Build Advisor. Get it on Overwolf

Go to:

Details

  • Created by: Sireals
  • Published on: Jan 10, 2017
  • Modified on: Jan 10, 2017
  • Patch: 3.8.0
Show
View Real Time Build Order
Export as new Build Order

Comments (0)

There are no comments. Be the first!

Create an account to comment!